 Dungeon Crawl Stone Soup version 0.22.1-2-g9c5b331383 (webtiles) character file.

727 McIrco the Shield-Bearer (level 7, -8/44 HPs)
             Began as a Gargoyle Fighter on Jan 5, 2019.
             Mangled by an ogre
             ... wielding a +0 giant club
              (10 damage)
             ... on level 4 of the Dungeon.
             The game lasted 00:08:46 (4347 turns).

McIrco the Shield-Bearer (Gargoyle Fighter)         Turns: 4347, Time: 00:08:46

Health: -8/44      AC: 17    Str: 19    XL:     7   Next: 72%
Magic:  7/7        EV:  4    Int:  9    God:
Gold:   294        SH: 10    Dex: 11    Spells: 6/6 levels left

rFire    . . .     SeeInvis .   a - +0 long sword
rCold    . . .     Gourm    .   c - +0 shield
rNeg     + . .     Faith    .   l - +0 plate armour
rPois    ∞         Spirit   .   (no helmet)
rElec    +         Reflect  .   (no cloak)
rCorr    .         Harm     .   (no gloves)
MR       .....                  (no boots)
Stlth    ..........             (no amulet)
HPRegen  0.14/turn              (no ring)
MPRegen  0.10/turn              (no ring)

@: no status effects
A: negative energy resistance 1, electricity resistance, unbreathing,
petrification resistance, rot immunity, AC +4
a: no special abilities


You were on level 4 of the Dungeon.
You were not hungry.

You visited 1 branch of the dungeon, and saw 4 of its levels.
You also visited: Sewer.

You collected 294 gold pieces.

Inventory:

Hand Weapons
 a - a +0 long sword (weapon)
Armour
 c - a +0 shield (worn)
 l - a +0 plate armour (worn)
Jewellery
 o - an uncursed ring of stealth {unknown}
Scrolls
 b - 6 scrolls of identify {unknown}
 e - a scroll of amnesia {unknown}
 g - 2 scrolls of teleportation {unknown}
 i - a scroll of random uselessness {unknown}
 j - 2 scrolls of remove curse {unknown}
 p - a scroll of noise {unknown}
Potions
 d - a potion of might
 h - a potion of curing
 k - a potion of berserk rage
 m - a potion of lignification {unknown}
 n - a potion of flight {unknown}
 q - a potion of cancellation {unknown}
Comestibles
 f - 8 rations


   Skills:
 + Level 4.7 Fighting
 + Level 5.2 Long Blades
 * Level 5.0 Armour
 + Level 0.2 Dodging
 + Level 5.5 Shields


You had 6 spell levels left.
You didn't know any spells.
Your spell library was empty.

Dungeon Overview and Level Annotations

Branches:
Dungeon (4/15)
 Temple: D:4-7

Altars:
Okawaru

Annotations:
D:1 Crazy Yiuf


Innate Abilities, Weirdness & Mutations

You are resistant to torment.
Your stone body is resilient. (AC +4)
You are immune to poison.
You resist negative energy. (rN+)
You are resistant to electric shocks. (rElec)
You can survive without breathing.
You are immune to petrification.
You are immune to rotting.


Message History

You hit the ogre but do no damage.
The ogre is severely wounded.
The ogre hits you with a giant club!
You hit the ogre but do no damage.
The ogre is severely wounded.
The ogre hits you with a giant club!
* * * LOW HITPOINT WARNING * * *
You are too injured to fight recklessly!
You are too injured to fight recklessly!
You hit the ogre.
The ogre is severely wounded.
The ogre hits you but does no damage.
Your plate armour prevents you from hitting the ogre.
The ogre is severely wounded.
The ogre hits you with a giant club!
* * * LOW HITPOINT WARNING * * *
You completely miss the ogre.
The ogre is severely wounded.
The ogre hits you with a giant club!
You die...

####### #####.
....#. # ..... .#
#.#.#####.#
..........# .
#.....#.#...(
#....@Oa...#
#....##.#..# #..
#....# #
#...#....#
##...#....# #
..........##.#..#
##............#
###
#####..#.###.#.#
..# ##.........#


You could see an ogre and a worker ant.

Vanquished Creatures
  An ogre (D:4)
  2 bullfrogs (Sewer)
  A howler monkey (D:3)
  2 orc priests (D:4)
  4 orc wizards
  13 adders
  2 oozes
  5 worms
  5 dart slugs
  11 leopard geckos
  13 orcs
  3 ball pythons
  9 bats
  11 giant cockroaches
  16 goblins
  9 hobgoblins
  9 jackals (D:3)
  7 kobolds
  2 quokkas (D:2)
  7 frilled lizards
  15 rats
147 creatures vanquished.

Notes
Turn   | Place    | Note
-------+----------+-------------------------------------------
     0 | D:1      | McIrco the Gargoyle Fighter began the quest for the Orb.
     0 | D:1      | Reached XP level 1. HP: 14/14 MP: 1/1
    83 | D:1      | Reached XP level 2. HP: 19/19 MP: 2/2
   371 | D:1      | Reached XP level 3. HP: 20/23 MP: 3/3
   929 | D:2      | Reached XP level 4. HP: 28/28 MP: 4/4
  1333 | D:2      | Found an iron altar of Okawaru.
  1361 | D:2      | Reached XP level 5. HP: 32/32 MP: 5/5
  1641 | D:2      | Found a runed door.
  1645 | D:2      | Noticed Crazy Yiuf
  2306 | D:3      | Reached XP level 6. HP: 16/38 MP: 6/6
  2487 | D:3      | Found a glowing drain.
  2492 | Sewer    | Entered a sewer
  2819 | Sewer    | Reached XP level 7. HP: 34/43 MP: 7/7
  3297 | D:3      | Reached skill level 5 in Shields
  3735 | D:4      | HP: 1/44 [orc/trident (4)]
  3750 | D:4      | Reached skill level 5 in Long Blades
  3991 | D:4      | Reached skill level 5 in Armour
  4346 | D:4      | HP: 2/44 [ogre/giant club (9)]
  4347 | D:4      | Mangled by an ogre

Skill      XL: |  1  2  3  4  5  6  7 |
---------------+----------------------+-----
Long Blades    | 2 3 4 5 |  5.2
Armour         | 4 5 |  5.0
Shields        | 4 5 |  5.5
Fighting       | 4 |  4.7
Dodging        | |  0.2

Action                   |  1- 3 |  4- 6 |  7- 9 || total
-------------------------+-------+-------+-------++-------
Melee: Long sword        |   126 |   471 |   159 ||   756
  Use: Potion            |       |       |     2 ||     2
  Eat: Chunk             |       |     7 |     4 ||    11
       Ration            |       |       |     1 ||     1
Armor: Scale mail        |    48 |       |       ||    48
       Plate armour      |    50 |   408 |   101 ||   559
Dodge: Dodged            |    49 |    70 |    17 ||   136
Block: Shield            |    84 |   272 |    79 ||   435
       Rpst.: Long sword |    21 |    18 |    10 ||    49
